 Dungeon Crawl Stone Soup version 0.29-a0-96-g93358da72b (webtiles) character file.

Game seed: 8717277325299971817

68 drugrobin the Poker (level 3, -1/29 HPs)
             Began as a Demigod Warper on Feb 11, 2022.
             Succumbed to an adder's poison
             ... on level 3 of the Dungeon.
             The game lasted 00:04:42 (2719 turns).

drugrobin the Poker (Demigod Warper)                Turns: 2719, Time: 00:04:43

Health: -1/29      AC:  3    Str: 16    XL:     3   Next: 73%
Magic:  8/8        EV: 11    Int: 15    God:
Gold:   90         SH:  0    Dex: 13    Spells: 5/5 levels left

rFire   . . .      SeeInvis .   a - +0 spear
rCold   . . .      Faith    .   (no shield)
rNeg    . . .      Spirit   .   b - +0 leather armour
rPois   .          Reflect  .   (no helmet)
rElec   .          Harm     .   (no cloak)
rCorr   .          Rampage  .   (no gloves)
Will    .....                   (no boots)
Stlth   +.........              (no amulet)
HPRegen 0.09/turn               (no ring)
MPRegen 0.11/turn               (no ring)

@: lethally poisoned (-1 -> -10)
A: high MP 1, forlorn, divine attributes
a: no special abilities


You were on level 3 of the Dungeon.
You visited 1 branch of the dungeon, and saw 3 of its levels.

You collected 90 gold pieces.

Inventory:

Hand Weapons
 a - a +0 spear (weapon)
Missiles
 d - 5 boomerangs of dispersal
 f - 32 stones (quivered)
 g - 10 poisoned darts
Armour
 b - a +0 leather armour (worn)
Scrolls
 c - a scroll of blinking
 e - a scroll of noise {unknown}
 i - a scroll of amnesia {unknown}
 j - a scroll of identify {unknown}


   Skills:
 - Level 1.7 Fighting
 + Level 3.9 Polearms
 - Level 0.8 Throwing
 - Level 0.8 Armour
 - Level 1.7 Dodging
 - Level 1.7 Spellcasting
 - Level 2.6 Translocations


You had 5 spell levels left.
You didn't know any spells.
Your spell library contained the following spells:

 Spells                   Type           Power      Damage    Failure   Level
 Blink                    Tloc           18%        N/A       14%         2
 Gell's Gravitas          Tloc           9%         N/A       28%         3
 Lesser Beckoning         Tloc           9%         N/A       28%         3
 Teleport Other           Tloc           9%         N/A       28%         3
 Manifold Assault         Tloc           9%         N/A       95%         5


Dungeon Overview and Level Annotations

Branches:
Dungeon (3/15)

Shops:
D:3 :


Innate Abilities, Weirdness & Mutations

You have an increased reservoir of magic. (+10% MP)
You shall have no god before yourself.
Your divine heritage dramatically boosts your attributes as you level up.


Message History

The adder is lightly wounded.
You feel sick. The adder misses you.
You closely miss the adder.
The adder is lightly wounded.
You feel sick. The adder closely misses you.
You barely miss the adder.
The adder is lightly wounded.
You feel sick. The adder closely misses you.
You miss the adder.
The adder is lightly wounded.
You feel sick. The adder bites you. x2
You closely miss the adder.
The adder is lightly wounded.
You feel sick. The adder barely misses you.
You hit the adder. Your punch misses the adder.
The adder is heavily wounded.
You feel sick. The adder closely misses you.
You hit the adder.
The adder is heavily wounded.
You feel sick. The adder bites you.
You hit the adder.
The adder is severely wounded.
You feel sick.
You are no longer poisoned.
The adder bites you but does no damage.
You miss the adder.
The adder is severely wounded.
The adder bites you.
* * * LOW HITPOINT WARNING * * *
You are lethally poisoned!
The adder poisons you!
You completely miss the adder.
The adder is severely wounded.
* * * LOW HITPOINT WARNING * * *
You feel sick. The adder bites you.
* * * LOW HITPOINT WARNING * * *
You are more poisoned.
The adder poisons you! The adder bites you but does no damage.
It was a potion of cancellation.
You feel magically purged.
You die...

## ## ###. .###
...###...
#<.#..#
#######...######
...∩...S.###...#
.......@....<###
).############


You could see an adder.

Vanquished Creatures
  An adder (D:2)
  A worm (D:2)
  A dart slug (D:2)
  3 ball pythons
  3 bats
  4 endoplasms
  4 giant cockroaches
  9 goblins
  4 hobgoblins
  3 jackals (D:2)
  A kobold (D:1)
  2 quokkas (D:1)
  5 frilled lizards
  6 rats
47 creatures vanquished.

Vanquished Creatures (others)
  2 plants (D:1)
2 creatures vanquished.

Grand Total: 49 creatures vanquished

Notes
Turn   | Place    | Note
-------+----------+-------------------------------------------
     0 | D:1      | drugrobin the Demigod Warper began the quest for the Orb.
     0 | D:1      | Reached XP level 1. HP: 17/17 MP: 5/5
    46 | D:1      | Reached skill level 2 in Polearms
   288 | D:1      | Reached XP level 2. HP: 14/24 MP: 7/7
   585 | D:1      | Reached skill level 3 in Polearms
  1204 | D:2      | Reached XP level 3. HP: 24/29 MP: 8/8
  2701 | D:3      | Found Tuwk's Book Boutique.
  2718 | D:3      | HP: 1/29 [adder (2)]
  2719 | D:3      | Succumbed to an adder's poison

Illustrated notes

Levels and vault maps discovered:
D:1:      ebering_hopf_link, layout_loops_ring, basic_ecumenical_altar,
          serial_bayou_lagoon_b
D:2:      layout_basic, basic_altar
D:3:      layout_loops_ring, nicolae_vehumet_radiance, serial_shops, shop,
          grunt_decor_fettered, minmay_misc_feat_plants, minmay_door_square,
          minmay_checkerbox, uniq_robin

Skill      XL: |  1  2 |
---------------+-------+-----
Polearms       | 2 3 |  3.9
Fighting       | |  1.7
Throwing       | |  0.8
Armour         | |  0.8
Dodging        | |  1.7
Spellcasting   | |  1.7
Translocations | |  2.6

Action                   || total
-------------------------++-------
Melee: Spear             ||   206
       Punch             ||     3
Throw: Stone             ||    21
  Use: Potion            ||     1
 Stab: Sleeping          ||     1
Armor: Leather armour    ||    36
Dodge: Dodged            ||    85

Table legend: (Time is in decaauts)
 A = Elapsed time spent in this place.
 B = Non-inter-level travel time spent in this place.
 C = Inter-level travel time spent in this place.
 D = Time resting spent in this place.
 E = Time spent auto-exploring this place.
 F = Levels seen in this place.
 G = Mean time per level.
                   A        B        C        D        E       F      G
               +--------+--------+--------+--------+--------+-----+--------+
         Total |   2717 |   2640 |     77 |    577 |   1494 |   3 |  905.7 |
       Dungeon |   2717 |   2640 |     77 |    577 |   1494 |   3 |  905.7 |
               +--------+--------+--------+--------+--------+-----+--------+

Top non-repeatable levels by time:
     D:1: 1402 daAuts
     D:2: 1266 daAuts
     D:3: 48 daAuts
